 Dungeon Crawl Stone Soup version 0.31-a0-853-gc9b61b78f7 (webtiles) character file.

Game seed: 8749257731128222890

6794 Lucash the Thaumaturge (level 11, -2/50 HPs)
             Began as a Vine Stalker Hedge Wizard on Oct 8, 2023.
             Was a Priest of Sif Muna.
             Slain by a white ugly thing (9 damage)
             ... on level 9 of the Dungeon.
             The game lasted 01:45:03 (9517 turns).

Lucash the Thaumaturge (Vine Stalker Hedge Wizard)  Turns: 9517, Time: 01:45:04

Health: -2/50      AC:  7    Str: 12    XL:     11   Next: 5%
Magic:  0/27       EV: 20    Int: 21    God:    Sif Muna [***...]
Gold:   478        SH:  0    Dex: 17    Spells: 12/33 levels left

rFire   . . .        t - +4 trident (drain)
rCold   . . .        (no shield)
rNeg    . . .        a - +1 robe of Cedoow {Will+ Regen+ Stlth+}
rPois   .            c - +2 hat
rElec   .            f - +0 cloak
rCorr   .            u - +0 pair of gloves
SInv    .            (no boots)
Will    ++...        (no amulet)
Stlth   ++++         i - ring "Ethrasm Ceyx" {EV+5 Int+3 Dex+2}
HPRegen 1.88/turn    m - ring of wizardry
MPRegen 0.20/turn

%: guardian spirit, wizardry (x1)
@: about to teleport
A: fangs 3, regeneration 1, magic shield, antimagic bite, no potion heal 2
a: Renounce Religion, Channel Magic, Forget Spell


You were on level 9 of the Dungeon.
You worshipped Sif Muna.
Sif Muna was most pleased with you.
You visited 2 branches of the dungeon, and saw 10 of its levels.

You collected 478 gold pieces.

Inventory:

Hand Weapons
 h - a +0 antimagic dagger
 p - a +2 rapier of speed
 t - a +4 trident of draining (weapon)
Missiles
 E - a throwing net
Armour
 a - the +1 robe of Cedoow (worn) {Will+ Regen+ Stlth+}
   (You found it on level 3 of the Dungeon)

   Will+:     It increases your willpower.
   Regen+:    It increases your rate of health regeneration.
   Stlth+:    It makes you more stealthy.
 c - a +2 hat (worn)
 f - a +0 cloak (worn)
 u - a +0 pair of gloves (worn)
Jewellery
 i - the ring "Ethrasm Ceyx" (left hand) {EV+5 Int+3 Dex+2}
   (You acquired it on level 1 of the Dungeon)

   [ring of evasion]

   EV+5:      It affects your evasion (+5).
   Int+3:     It affects your intelligence (+3).
   Dex+2:     It affects your dexterity (+2).
 m - a ring of wizardry (right hand)
 q - a ring of flight
 y - a ring of resist corrosion
Wands
 w - a wand of quicksilver (7)
 z - a wand of roots (9)
 A - a wand of polymorph (1)
Scrolls
 d - a scroll of fog
 k - a scroll of teleportation
 o - a scroll of brand weapon
 s - 2 scrolls of noise
 v - a scroll of revelation
 x - 2 scrolls of poison
Potions
 b - 6 potions of heal wounds
 e - a potion of might
 g - a potion of resistance
 j - a potion of attraction
 l - 6 potions of curing (quivered)
 n - a potion of mutation
 D - a potion of cancellation
 F - a potion of haste {unknown}


   Skills:
 + Level 2.2 Fighting
 + Level 4.2 Short Blades
 + Level 1.1 Polearms
 + Level 0.9 Throwing
 * Level 5.7 Dodging
 + Level 4.3 Stealth
 * Level 11.6 Spellcasting
 + Level 4.7 Conjurations
 + Level 0.4 Hexes
 + Level 4.3 Summonings
 + Level 2.2 Translocations
 + Level 3.7 Fire Magic
 + Level 0.5 Poison Magic


You had 12 spell levels left.
You knew the following spells:

 Your Spells              Type           Power      Damage    Failure   Level
a - Magic Dart            Conj           100%       1d8       1%          1
b - Slow                  Hex            56%        N/A       1%          1
c - Momentum Strike       Conj/Tloc      52%        3d9       1%          2
d - Call Imp              Summ           60%        N/A       1%          2
e - Fireball              Conj/Fire      14%        3d8       11%         5
f - Blink                 Tloc           42%        N/A       1%          2
g - Cause Fear            Hex            7%         N/A       17%         4
h - Foxfire               Conj/Fire      100%       2x1d9     1%          1
i - Mephitic Cloud        Conj/Pois/Air  19%        N/A       3%          3

Your spell library contained the following spells:

 Spells                   Type           Power      Damage    Failure   Level
 Shock                    Conj/Air       88%        1d8       1%          1
 Lesser Beckoning         Tloc           42%        N/A       1%          2
 Cigotuvi's Dreadful Rot  Necr/Pois/Air  24%        N/A       3%          2
 Starburst                Conj/Fire      14%        6d6       50%         6
 Plasma Beam              Fire/Air       9%         2x1d20    80%         6
 Haunt                    Necr/Summ      10%        N/A       99%         7
 Dragon's Call            Summ           15%        N/A       100%        9


Dungeon Overview and Level Annotations

Branches:
Dungeon (9/15)             Temple (1/1) D:4            Lair (0/5) D:9
    Orc: D:9-12

Altars:
Ashenzari
Cheibriados
Dithmenos
Elyvilon
Fedhas
Hepliaklqana
Kikubaaqudgha
Makhleb
Okawaru
Qazlal
Ru
Sif Muna
Trog
Uskayaw
Vehumet
Xom
Yredelemnul
Zin
The Shining One

Shops:
D:2 *   D:6 (   D:9 (

Annotations:
D:5 exclusion: statue


Innate Abilities, Weirdness & Mutations

You have razor-sharp teeth.
Your natural rate of healing is unusually fast.
When hurt, damage is shared between your health and your magic reserves.
Your bite disrupts and absorbs the magic of your enemies.
Potions cannot restore your health.


Message History

You puncture the orc warrior!
You kill the orc warrior!
Sif Muna accepts your kill.
Your cerulean imp disappears in a puff of smoke!
There is an open door, spattered with blood here.
Things that are here:
a +0 dire flail; a +0 plate armour You see here a +0 club.
A white ugly thing comes into view.
Casting: Fireball (quite dangerous; 11% risk of failure)
Confirm with . or Enter, or press ? or * to list all spells.
A tiny devil pulls itself out of the air.
You swap places.
There is an open door, spattered with blood here.
Things that are here:
a +0 dire flail; a +0 plate armour The white ugly thing headbutts you.
The white ugly thing freezes you!!
Your cerulean imp barely misses the white ugly thing.
Your cerulean imp hits the white ugly thing with a -1 spear.
Casting: Call Imp (safe; 1% risk of failure)
Confirm with . or Enter, or press ? or * to list all spells.
You conjure some foxfire!
Your cerulean imp closely misses the white ugly thing.
The white ugly thing headbutts you but does no damage.
The foxfire hits the white ugly thing.
The white ugly thing is lightly wounded.
The foxfire hits the white ugly thing.
The white ugly thing is lightly wounded.
The white ugly thing attacks as it pursues you!
The white ugly thing headbutts you. The white ugly thing freezes you!
Your cerulean imp closely misses the white ugly thing.
The white ugly thing headbutts you. The white ugly thing freezes you!!
* * * LOW HITPOINT WARNING * * *
As you read the scroll of teleportation, it crumbles to dust.
You feel strangely unstable.
The white ugly thing closely misses you.
Your cerulean imp hits the white ugly thing but does no damage.
The white ugly thing attacks as it pursues you!
The white ugly thing headbutts you!
You die...

#### #...
#################..
#...).'...'.')..#.#
#)..#5#...#.#...#.#
#...#.#.[.#.#...#.#
#'#####5#####.#####.#
#...@u......†...)..†)
###.....#####.......#
#'#...# #.##....#
#.#...# #.####..#
#.##### ######..# #.
+....# #. ##... 8.
##..# ##[.##


You could see a white ugly thing (ally target) and a friendly cerulean imp
(summoned).

Vanquished Creatures
  Harold (D:9)
  Erolcha (D:9)
  The ghost of Heedrag the Insei, a novice DsSh of Qazlal (D:6)
  Joseph (D:8)
  Jeremiah (D:8)
  An unseen horror zombie (D:8)
  A shadow (D:9)
  2 wyverns (D:9)
  An acid dragon (D:9)
  A water moccasin (D:4)
  A black bear (D:7)
  2 sky beasts
  2 orc warriors (D:9)
  2 ogres
  8 centaurs
  A kobold brigand (D:8)
  3 bullfrogs
  5 scorpions
  2 wights (D:7)
  4 killer bees (D:9)
  2 howler monkeys
  2 centaur zombies (D:8)
  3 jellies
  5 hounds
  4 orc priests
  4 iguanas
  Terence (D:2)
  8 orc wizards
  4 killer bee zombies (D:8)
  2 howler monkey zombies (D:8)
  8 adders
  7 gnolls
  A shadow imp (D:6)
  A white imp (D:7)
  A worm (D:3)
  23 orcs
  8 ball pythons
  5 endoplasms
  5 giant cockroaches
  8 goblins
  5 hobgoblins
  2 jackals (D:1)
  7 quokkas
  2 bats
  4 frilled lizards (D:1)
  6 kobolds
  4 rats
173 creatures vanquished.

Vanquished Creatures (collateral kills)
  A golden eye (shapeshifter) (D:9)
  A sky beast (D:7)
  A scorpion (D:6)
  A wight (D:7)
  2 gnolls
  A worm (D:4)
  7 orcs
  2 hobgoblins (D:3)
  A quokka (D:4)
  2 ball pythons
19 creatures vanquished.

Vanquished Creatures (others)
  353 foxfires
353 creatures vanquished.

Grand Total: 545 creatures vanquished

Notes
Turn   | Place    | Note
-------+----------+-------------------------------------------
     0 | D:1      | Lucash the Vine Stalker Hedge Wizard began the quest for
                  | the Orb.
     0 | D:1      | Reached XP level 1. HP: 9/9 MP: 5/5
     9 | D:1      | Learned a level 1 spell: Slow
   189 | D:1      | Reached XP level 2. HP: 13/13 MP: 1/7
   193 | D:1      | Learned a level 2 spell: Momentum Strike
   196 | D:1      | Learned a level 2 spell: Call Imp
   406 | D:1      | Identified a scroll of acquirement
   406 | D:1      | Acquired the ring "Ethrasm Ceyx" {EV+5 Int+3 Dex+2}
   524 | D:1      | Reached skill level 4 in Spellcasting
   533 | D:1      | Reached XP level 3. HP: 16/16 MP: 0/9
   539 | D:1      | Learned a level 3 spell: Mephitic Cloud
  1153 | D:2      | Found Aczuipn's General Store.
  1312 | D:2      | Reached XP level 4. HP: 21/21 MP: 5/11
  1318 | D:2      | Learned a level 2 spell: Blink
  1502 | D:2      | Noticed Terence
  1514 | D:2      | Killed Terence
  1515 | D:2      | Reached skill level 1 in Short Blades
  1752 | D:3      | Identified the +1 robe of Cedoow {Will+ Regen+ Stlth+}
  1844 | D:3      | You fall into a shaft and drop 2 floors!
  1844 | D:5      | Entered Level 5 of the Dungeon
  1846 | D:5      | Noticed a water moccasin
  1852 | D:4      | Found a staircase to the Ecumenical Temple.
  1856 | D:4      | Found an iron altar of Okawaru.
  1878 | D:4      | Reached XP level 5. HP: 24/24 MP: 8/13
  1971 | D:4      | Reached skill level 5 in Spellcasting
  2156 | Temple   | Entered the Ecumenical Temple
  2198 | Temple   | Became a worshipper of Sif Muna the Loreminder
  2272 | D:4      | Reached XP level 6. HP: 28/28 MP: 7/14
  2373 | D:4      | Found a blossoming altar of Fedhas.
  2526 | D:3      | Learned a level 4 spell: Cause Fear
  2767 | D:3      | Reached * piety under Sif Muna
  3646 | D:4      | Killed a water moccasin
  3647 | D:4      | Reached XP level 7. HP: 32/32 MP: 5/16
  3653 | D:4      | Learned a level 5 spell: Fireball
  3771 | D:5      | Found a radiant altar of Vehumet.
  3795 | D:5      | Reached skill level 6 in Spellcasting
  4169 | D:5      | Learned a level 1 spell: Foxfire
  4416 | D:5      | Gained mutation: You have razor-sharp teeth. [Vine Stalker
                  | growth]
  4416 | D:5      | Reached XP level 8. HP: 37/37 MP: 11/18
  4546 | D:5      | Reached skill level 1 in Fighting
  4642 | D:5      | Found an ancient bone altar of Kikubaaqudgha.
  5083 | D:6      | Got a well-preserved book
  5158 | D:6      | Found a runed translucent gate.
  5158 | D:6      | Found a runed translucent gate.
  5158 | D:6      | Found a runed translucent gate.
  5159 | D:6      | Noticed Heedrag's ghost (novice DsSh)
  5196 | D:6      | Killed Heedrag's ghost
  5197 | D:6      | Reached skill level 7 in Spellcasting
  5197 | D:6      | Reached skill level 1 in Fire Magic
  5248 | D:6      | Reached ** piety under Sif Muna
  5426 | D:6      | Reached skill level 8 in Spellcasting
  5426 | D:6      | Reached XP level 9. HP: 42/42 MP: 15/22
  5499 | D:6      | Found Limugiwn's Weapon Boutique.
  5845 | D:6      | Found a glowing silver altar of Zin.
  5846 | D:6      | Found a hide-covered altar of Uskayaw.
  6335 | D:7      | Found a shimmering altar of Xom.
  6561 | D:7      | Reached skill level 9 in Spellcasting
  6566 | D:7      | Learned a level 3 spell: Mephitic Cloud
  7398 | D:8      | Reached XP level 10. HP: 45/46 MP: 18/24
  7462 | D:8      | Reached *** piety under Sif Muna
  7467 | D:8      | Reached skill level 10 in Spellcasting
  7648 | D:8      | Found a basalt altar of Yredelemnul.
  7902 | D:8      | Noticed Jeremiah
  7935 | D:8      | Killed Jeremiah
  8103 | D:8      | Noticed Joseph
  8132 | D:8      | Killed Joseph
  8566 | D:9      | Noticed Harold
  8614 | D:9      | Killed Harold
  8615 | D:9      | Reached skill level 5 in Dodging
  8940 | D:9      | Found a staircase to the Lair.
  9076 | D:9      | Found Koemaits's Antique Weapon Boutique.
  9089 | D:9      | Noticed Erolcha
  9106 | D:9      | Killed Erolcha
  9107 | D:9      | Reached skill level 11 in Spellcasting
  9119 | D:9      | Identified the +0 robe of Watchfulness {Fly}
  9340 | D:9      | Reached skill level 1 in Polearms
  9375 | D:9      | Reached XP level 11. HP: 50/50 MP: 2/27
  9400 | D:9      | Paralysed by a floating eye for 3 turns
  9405 | D:9      | a floating eye changed into a glowing orange brain
  9405 | D:9      | Noticed a glowing orange brain (shapeshifter)
  9415 | D:9      | a glowing orange brain changed into an elephant
  9506 | D:9      | Noticed a white ugly thing
  9517 | D:9      | Slain by a white ugly thing

Illustrated notes

Levels and vault maps discovered:
D:1:      lightli_arrival_noodles, layout_basic, minmay_tetromino_o2
D:2:      layout_basic, serial_shops, shop, uniq_terence
D:3:      wad_woods_tower, layout_basic
D:4:      layout_basic, mainiacjoe_overflow_brackets,
          mainiacjoe_overflow_surrounded_room, minmay_temple_entry_sparse_star,
          feat_on_display
D:5:      layout_layer_cave, vehumet_statue, kiku_gazebo_garden_becter
D:6:      wander_river, layout_gridville, minitemple, serial_shops,
          nicolae_shop_bloodbath_and_beyond, ebering_ghost_rock_garden,
          hex_medium
D:7:      layout_cave_pods, mainiacjoe_overflow_tiny_flanked
D:8:      layout_basic, nicolae_yredelemnul_corpse_copse, uniq_jeremiah,
          uniq_joseph
D:9:      wad_statue_garden, layout_loops_ring, lair_entry_dummy, serial_shops,
          shop, uniq_harold, uniq_erolcha
Temple:   chequers_temple_sunken

Skill      XL: |  1  2  3  4  5  6  7  8  9 10 |
---------------+-------------------------------+-----
Spellcasting   | 4 5 6 8 9 11 | 11.6
Short Blades   | 1 2 3 4 |  4.2
Dodging        | 2 3 4 5 |  5.7
Conjurations   | 2 3 4 |  4.7
Stealth        | 3 4 |  4.3
Fighting       | 1 2 |  2.2
Summonings     | 2 3 4 |  4.3
Fire Magic     | 1 2 3 |  3.7
Translocations | 2 |  2.2
Polearms       | 1 |  1.1
Throwing       | |  0.9
Hexes          | |  0.4
Poison Magic   | |  0.5

Action                     |  1- 3 |  4- 6 |  7- 9 | 10-12 || total
---------------------------+-------+-------+-------+-------++-------
  Melee: Short sword       |    21 |       |       |       ||    21
         Bite              |     7 |    24 |    47 |    22 ||   100
         Dagger            |     1 |       |       |       ||     1
         Rapier            |    24 |    80 |   141 |    12 ||   257
         Punch             |       |     2 |     2 |       ||     4
         Trident           |       |       |       |    54 ||    54
  Throw: Dart              |       |    22 |       |       ||    22
   Cast: Magic Dart        |    59 |    76 |    38 |     2 ||   175
         Momentum Strike   |     1 |     4 |     5 |       ||    10
         Call Imp          |     2 |    13 |    40 |    45 ||   100
         Mephitic Cloud    |     1 |     3 |     1 |       ||     5
         Blink             |       |     2 |     1 |     1 ||     4
         Slow              |       |     1 |       |       ||     1
         Foxfire           |       |       |   123 |   119 ||   242
         Fireball          |       |       |       |     6 ||     6
         Cause Fear        |       |       |       |     1 ||     1
  Evoke: Wand              |       |       |       |     1 ||     1
    Use: Scroll            |     5 |     8 |     3 |     6 ||    22
         Potion            |     3 |     2 |       |     4 ||     9
   Stab: Sleeping          |     1 |       |       |     1 ||     2
 Armour: Robe              |    13 |    43 |    88 |    60 ||   204
         Skin              |     1 |       |       |       ||     1
  Dodge: Dodged            |    39 |    81 |   128 |   161 ||   409

Table legend: (Time is in decaauts)
 A = Elapsed time spent in this place.
 B = Non-inter-level travel time spent in this place.
 C = Inter-level travel time spent in this place.
 D = Time resting spent in this place.
 E = Time spent auto-exploring this place.
 F = Levels seen in this place.
 G = Mean time per level.
                   A        B        C        D        E       F      G
               +--------+--------+--------+--------+--------+-----+--------+
         Total |   9476 |   9476 |      0 |    173 |   5569 |  10 |  947.6 |
       Dungeon |   9331 |   9331 |      0 |    173 |   5569 |   9 | 1036.8 |
        Temple |    144 |    144 |      0 |      0 |      0 |   1 |  144.0 |
               +--------+--------+--------+--------+--------+-----+--------+

Top non-repeatable levels by time:
     D:5: 1441 daAuts
     D:8: 1284 daAuts
     D:4: 1230 daAuts
     D:7: 1191 daAuts
     D:1: 1006 daAuts
     D:9: 975 daAuts
     D:6: 864 daAuts
     D:3: 693 daAuts
     D:2: 642 daAuts
  Temple: 144 daAuts
